 Dungeon Crawl Stone Soup version 0.31.0-9-g3a7656b989 (webtiles) character file.

Game seed: 12942439013401825489

429 boopmooplesden the Twirler (level 6, -1/6 HPs)
             Began as a Minotaur Gladiator on Jan 25, 2024.
             Was an Initiate of Trog.
             Slain by a gnoll
             ... wielding a +0 club
              (3 damage)
             ... on level 4 of the Dungeon.
             The game lasted 00:04:11 (3426 turns).

boopmooplesden the Twirler (Minotaur Gladiator)     Turns: 3426, Time: 00:04:12

Health: -1/6       AC:  2    Str: 25    XL:     6   Next: 66%
Magic:  5/5        EV:  6    Int:  5    God:    Trog [......]
Gold:   131        SH:  0    Dex: 12    Spells: 5/5 levels left

rFire   . . .        a - melded +0 quarterstaff
rCold   . . .        (shield currently unavailable)
rNeg    . . .        j - melded +0 plate armour
rPois   +            c - melded +1 hat
rElec   .            (cloak currently unavailable)
rCorr   .            (gloves currently unavailable)
SInv    .            (boots currently unavailable)
Will    .....        (no amulet)
Stlth   +            (no ring)
HPRegen 0.21/turn    (no ring)
MPRegen 0.09/turn

%: no passive effects
@: snake-form, held
A: constrict, reduced hp, large, (horns 2), (retaliatory headbutt)
a: Begin Untransformation, Renounce Religion


You were on level 4 of the Dungeon.
You worshipped Trog.
Trog was noncommittal.
You were an enormous serpent.
You visited 1 branch of the dungeon, and saw 4 of its levels.

You collected 131 gold pieces.

Inventory:

Hand Weapons
 a - a +0 quarterstaff (melded)
Missiles
 d - 4 throwing nets (quivered)
 e - a javelin
 r - 3 boomerangs
Armour
 b - a +0 leather armour
 c - a +1 hat (melded)
 j - a +0 plate armour (melded)
Jewellery
 i - a ring of resist corrosion
Talismans
 f - a beast talisman
 p - a serpent talisman (active)
Wands
 h - a wand of paralysis (8)
 m - a wand of flame (8)
Scrolls
 n - a scroll of identify
Potions
 g - a potion of heal wounds {unknown}
 k - a potion of might {unknown}
 l - a potion of attraction
 o - a potion of degeneration {unknown}
 q - a potion of brilliance {unknown}
 s - a potion of berserk rage {unknown}


   Skills:
 + Level 3.4 Fighting
 + Level 6.8 Staves
 + Level 2.0 Throwing
 + Level 4.1 Armour
 + Level 4.2 Dodging
 + Level 0.5 Stealth


You had 5 spell levels left.
You didn't know any spells.
Your spell library contained the following spells:

 Spells                   Type           Power      Damage    Failure   Level
 Ensorcelled Hibernation  Hex/Ice        0%         N/A       63%         2
 Gell's Gravitas          Tloc           0%         N/A       85%         3
 Passwall                 Erth           0%         N/A       85%         3
 Swiftness                Air            0%         N/A       85%         3
 Teleport Other           Tloc           0%         N/A       85%         3
 Dispersal                Tloc           0%         N/A       100%        6


Dungeon Overview and Level Annotations

Branches:
Dungeon (4/15)
 Temple: D:4-7

Altars:
Dithmenos
Okawaru
Trog
Vehumet

Shops:
D:2 :


Innate Abilities, Weirdness & Mutations

You are an enormous serpent.
You have a powerful constriction melee attack.
Your maximum health is decreased, since you lack skill for your form.
Your armour is entirely melded.
You are incapable of wielding weapons or throwing items.
((You have a pair of horns on your head.))
((You reflexively headbutt those who attack you in melee.))


Message History

Trog accepts your kill.
You open the door.
There is an open door here.
Found a stone staircase leading down.
s - a grey potion You now have 131 gold pieces (gained 12).
You open the door.
There is an open door here.
Found a hand axe.
You open the door.
There is an open door here.
A gnoll comes into view. It is wielding a +0 whip.
A gnoll is nearby!
A hobgoblin and a kobold come into view.
The kobold throws a stone.
The stone closely misses you.
A gnoll comes into view. It is wielding a +0 club.
The gnoll shouts!
A gnoll comes into view. It is wielding a +0 flail.
A gnoll comes into view.
It is wielding a +0 whip and quivering 2 throwing nets.
The gnoll shouts!
The gnoll closely misses you.
The hobgoblin shouts!
The gnoll shouts!
You lash the gnoll! Your grab misses the gnoll.
The gnoll is almost dead.
The gnoll closely misses you. The kobold hits you with a +0 dagger.
Ouch! That really hurt!
You lash the gnoll!
You kill the gnoll!
Trog accepts your kill. The kobold hits you with a +0 dagger.
The kobold hits you with a +0 dagger.
* * * LOW HITPOINT WARNING * * *
The gnoll throws a throwing net.
The throwing net hits you.
You become entangled in the net!
The kobold throws a stone.
The stone barely misses you.
You see here a throwing net.
You tear a large gash into the net.
You struggle against the net.
The gnoll hits you with a +0 club.
Ouch! That really hurt!
You die...

.## #.. ..#...#.. ..##
..#......#
...############+#....#.#.#
.#.#.........##.#.#......#
...#.........#..#.g..#...
.#.#.........'..#........
...#.........#..Sg.#.#.#..
.#.#.........#+..K.)......
...'####.........#.g.#....
......>#.........).g...#..
.......#.........#.#.#....
###....#..................
.##....#.........#........
.......#..................
.......#.....############


You could see 3 gnolls, a hobgoblin and a kobold.

Vanquished Creatures
  An ice beast (D:3)
  A black bear (D:3)
  2 bombardier beetles (D:4)
  A jelly (D:2)
  Terence (D:2)
  5 adders
  A gnoll (D:4)
  A white imp (D:4)
  5 dart slugs
  A ribbon worm (D:2)
  4 orcs (D:3)
  4 ball pythons
  7 endoplasms
  2 giant cockroaches (D:3)
  2 goblins (D:2)
  2 hobgoblins
  4 jackals (D:2)
  A quokka (D:2)
  2 bats (D:2)
  3 frilled lizards
  7 kobolds
  5 rats
62 creatures vanquished.

Notes
Turn   | Place    | Note
-------+----------+-------------------------------------------
     0 | D:1      | boopmooplesden the Minotaur Gladiator began the quest for
                  | the Orb.
     0 | D:1      | Reached XP level 1. HP: 18/18 MP: 0/0
   499 | D:1      | Reached XP level 2. HP: 21/25 MP: 1/1
   936 | D:2      | Reached skill level 4 in Staves
   957 | D:2      | Reached XP level 3. HP: 30/30 MP: 2/2
   977 | D:2      | Noticed Terence
   993 | D:2      | Killed Terence
   994 | D:2      | Reached skill level 1 in Armour
  1097 | D:2      | Reached XP level 4. HP: 19/37 MP: 3/3
  1277 | D:2      | Reached skill level 5 in Staves
  1432 | D:2      | Found Lusmaoll's Book Emporium.
  2051 | D:3      | Found a shadowy altar of Dithmenos.
  2051 | D:3      | Noticed an ice beast
  2052 | D:3      | Found a bloodstained altar of Trog.
  2052 | D:3      | Found an iron altar of Okawaru.
  2064 | D:3      | Killed an ice beast
  2065 | D:3      | Reached skill level 6 in Staves
  2065 | D:3      | Reached XP level 5. HP: 45/45 MP: 4/4
  2074 | D:3      | Became a worshipper of Trog the Wrathful
  2335 | D:3      | Noticed a black bear
  2354 | D:3      | Killed a black bear
  2355 | D:3      | Reached XP level 6. HP: 34/51 MP: 5/5
  3031 | D:4      | Found a radiant altar of Vehumet.
  3426 | D:4      | Slain by a gnoll

Illustrated notes

Levels and vault maps discovered:
D:1:      minmay_arrival_semitransparent, layout_loops_corners
D:2:      layout_loops_ring, serial_shops, nicolae_shop_back_alley_shop,
          minmay_increasing_density, uniq_terence
D:3:      layout_loops_corners, grunt_temple_overflow_open, supply_closet_lemuel
D:4:      layout_gridville, nicolae_vehumet_radiance, nrook_loot_triangle,
          hangedman_decor_lopped, grunt_ministairs_9

Skill      XL: |  1  2  3  4  5  6 |
---------------+-------------------+-----
Staves         | 4 6 |  6.8
Armour         | 1 2 3 4 |  4.1
Dodging        | 4 |  4.2
Fighting       | 3 |  3.4
Throwing       | |  2.0
Stealth        | |  0.5

Action                     |  1- 3 |  4- 6 || total
---------------------------+-------+-------++-------
  Melee: Quarterstaff      |    65 |    86 ||   151
         Headbutt          |     6 |    12 ||    18
         Unarmed           |       |     4 ||     4
         Constrict         |       |     1 ||     1
    Use: Scroll            |       |     9 ||     9
 Armour: Leather armour    |    16 |       ||    16
         Plate armour      |    44 |    77 ||   121
         Skin              |       |     4 ||     4
  Dodge: Dodged            |    28 |    43 ||    71
   Form: Serpent           |       |     1 ||     1
